[Event "Titled Tuesday Blitz January 31 Early 2023"]
[White "Sharapov, Evgeny"]
[Black "Gjestemoen-VonHirsch, Andre"]
[WhiteFideId "14103133"]
[BlackFideId "1539531"]
[WhiteElo "2375"]
[BlackElo "2314"]
[Result "1/2-1/2"]
[Round "06"]
[TimeControl "180+2"]
[Date "2023.01.31"]
[WhiteClock "0:00:16"]
[BlackClock "0:00:07"]

1. e4 Nf6 2. Nc3 d5 3. exd5 Nxd5 4. Bc4 Nb6 5. Bb3 Nc6 6. Nf3 Bf5 7. O-O e6 8. d4 Be7 9. Bf4 O-O 10. h3 Na5 11. Qe2 Nxb3 12. axb3 c6 13. Rad1 Nd5 14. Be5 Nb4 15. Ne4 Qd5 16. Ng3 Bxc2 17. Rc1 Bd3 18. Qe3 Bxf1 19. Rxf1 f6 20. Bf4 Bd6 21. Bxd6 Qxd6 22. Ne4 Qd5 23. Nc5 b6 24. Nxe6 Rfe8 25. Nf4 Rxe3 26. Nxd5 Rxb3 27. Nxb4 Rxb4 28. Rc1 Rxb2 29. Rxc6 a5 30. d5 a4 31. d6 Rb1+ 32. Kh2 a3 33. d7 Rd1 34. Rc8+ Kf7 35. Rxa8 Rxd7 36. Rxa3 Rb7 37. Rb3 Ke7 38. Kg3 Kd6 39. Kf4 Kc5 40. Ke4 Re7+ 41. Kd3 Rd7+ 42. Kc2 b5 43. Rc3+ Kb4 44. Nd2 Ka4 45. Rc8 b4 46. Ra8+ Kb5 47. Nb3 Rc7+ 48. Kb2 Re7 49. Rb8+ Kc4 50. Rc8+ Kd3 51. Nc1+ Kd2 52. Rc2+ Ke1 53. Nd3+ Kf1 54. g4 Re2 55. h4 Re4 56. f3 Re3 57. Nf4 Rxf3 58. Nh5 g6 59. Ng7 Rf2 60. Ne6 Rxc2+ 61. Kxc2 Kf2 62. Nf8 Kg3 63. h5 gxh5 64. gxh5 Kh4 65. h6 Kg5 66. Nxh7+ Kxh6 67. Nxf6 Kg6 68. Nd5 Kf5 69. Nxb4 1/2-1/2


[Site "https://www.chess.com"]

[Event "Titled Tuesday Blitz January 31 Early 2023"]
[White "Mrudul Dehankar"]
[Black "Lewtak, Damian"]
[WhiteFideId "25096990"]
[BlackFideId "1141724"]
[WhiteElo "2030"]
[BlackElo "2381"]
[Result "0-1"]
[Round "06"]
[TimeControl "180+2"]
[Date "2023.01.31"]
[WhiteClock "0:00:01"]
[BlackClock "0:00:23"]

1. e4 g6 2. d4 Bg7 3. Nc3 d6 4. Nf3 e5 5. dxe5 dxe5 6. Qxd8+ Kxd8 7. Bc4 f6 8. Be3 Bd7 9. O-O-O Bh6 10. Bxg8 Bxe3+ 11. fxe3 Rxg8 12. Rhf1 c6 13. g4 h6 14. h4 g5 15. hxg5 hxg5 16. Rh1 Kc8 17. Rdg1 Kc7 18. Rh7 Na6 19. Rd1 Rad8 20. Rf7 Rg6 21. Nd2 Nb8 22. Rf1 Rh8 23. R1xf6 Rxf6 24. Rxf6 Rh1+ 25. Nf1 Bxg4 26. Kd2 Nd7 27. Rf7 Be6 28. Re7 Kd6 29. Rxe6+ Kxe6 30. Ng3 Rh2+ 31. Nce2 Rh3 32. Nf5 Nf6 33. Nfg3 Nh5 34. Nf5 g4 35. Ke1 g3 36. Kf1 Rh1+ 37. Ng1 Rh2 38. Ne2 Kf6 39. Nfxg3 Nxg3+ 40. Nxg3 Rxc2 0-1


[Site "https://www.chess.com"]

[Event "Titled Tuesday Blitz January 31 Early 2023"]
[White "Vovk, Orest"]
[Black "Fajdetic, Hrvoje"]
[WhiteFideId "14113490"]
[BlackFideId "14501945"]
[WhiteElo "2315"]
[BlackElo "2151"]
[Result "1/2-1/2"]
[Round "06"]
[TimeControl "180+2"]
[Date "2023.01.31"]
[WhiteClock "0:00:06"]
[BlackClock "0:00:10"]

1. h4 f5 2. h5 Nf6 3. h6 g6 4. d4 d6 5. Nc3 Be6 6. Bg5 Nbd7 7. Nf3 Bf7 8. e3 e6 9. Bc4 Be7 10. Qe2 d5 11. Bb3 Ne4 12. Bxe7 Qxe7 13. Nxe4 fxe4 14. Ne5 Nxe5 15. dxe5 O-O 16. Qg4 a5 17. a3 a4 18. Ba2 c5 19. O-O-O b5 20. f3 exf3 21. gxf3 b4 22. e4 b3 23. cxb3 axb3 24. Bb1 c4 25. exd5 exd5 26. Qd4 c3 27. bxc3 Qxa3+ 28. Kd2 Be6 29. Ke3 Qe7 30. Rdg1 Rac8 31. Bd3 Qc5 32. Bxg6 hxg6 33. Rxg6+ Kf7 34. Rhg1 Qxc3+ 35. Qxc3 Rxc3+ 36. Kd2 Rd3+ 37. Kxd3 Bf5+ 38. Kc3 Bxg6 39. Kxb3 Rc8 40. Rh1 d4 41. Ra1 d3 42. Ra7+ Ke6 43. Ra6+ Kxe5 44. Rxg6 d2 45. Rg1 Rd8 46. Kc2 Kf4 47. h7 Kxf3 48. Kd1 Rh8 49. Rh1 Kf4 50. Kxd2 Kg5 51. Ke3 Kg6 52. Kf4 Rxh7 53. Rg1+ Kf7 54. Ra1 Rg7 55. Kf5 Rg2 56. Ra7+ Ke8 57. Rb7 Rf2+ 58. Ke6 Re2+ 59. Kd6 Rd2+ 60. Ke5 Re2+ 61. Kd4 Re7 62. Rb6 Kf7 63. Kd5 Rd7+ 64. Ke5 Re7+ 65. Kf5 Rd7 66. Rh6 Ke8 67. Ke6 Rf7 68. Rh8+ Rf8 69. Rh2 Rg8 70. Ra2 Rg6+ 71. Kf5 Rb6 72. Ra7 Rc6 73. Ke5 Rb6 74. Kd5 Rg6 75. Rb7 Rh6 76. Ke5 Rg6 77. Kf5 Rc6 78. Ra7 Rb6 79. Rc7 Ra6 80. Rc8+ Kd7 81. Rc1 Rc6 82. Rd1+ Kc7 83. Ra1 Rc5+ 84. Ke6 Rc6+ 85. Kd5 Rg6 86. Ra7+ Kb8 87. Ra1 Kc7 88. Kc5 Rg5+ 89. Kd4 Kd6 90. Ra6+ Kd7 91. Ke4 Rb5 92. Kd4 Rg5 93. Rh6 Rf5 94. Rg6 Rh5 95. Ke4 Rb5 96. Kd3 Ke7 97. Kc4 Rf5 98. Rg7+ Kf6 99. Rg1 Ke6 100. Re1+ Kd6 101. Kd4 Rf4+ 102. Ke3 Rh4 1/2-1/2


[Site "https://www.chess.com"]

[Event "Titled Tuesday Blitz January 31 Early 2023"]
[White "Orujov, Elshad"]
[Black "Sychev, Klementy"]
[WhiteFideId "13403540"]
[BlackFideId "4114060"]
[WhiteElo "2304"]
[BlackElo "2547"]
[Result "0-1"]
[Round "06"]
[TimeControl "180+2"]
[Date "2023.01.31"]
[WhiteClock "0:00:03"]
[BlackClock "0:00:08"]

1. e4 e5 2. Nf3 Nc6 3. d4 exd4 4. Nxd4 Nf6 5. Nc3 Bb4 6. Nxc6 bxc6 7. Bd3 d5 8. exd5 O-O 9. O-O cxd5 10. Bg5 Be6 11. h3 h6 12. Bh4 Rb8 13. Qf3 Be7 14. Rab1 c5 15. b3 Rb4 16. Bg3 Qa5 17. Be5 Rd8 18. Qg3 Rd7 19. Ne2 Rbb7 20. Nf4 Qb6 21. Rfe1 c4 22. Nxe6 fxe6 23. bxc4 Qxb1 24. Rxb1 Rxb1+ 25. Kh2 Rb4 26. Qg6 Rd8 27. cxd5 exd5 28. Bxf6 Bxf6 29. Qh7+ Kf8 30. Qh8+ Ke7 31. Qh7 Rf4 32. f3 Rb8 33. Qg6 Rb6 34. Qh5 Rd6 35. g3 Rb4 36. Kg2 Rbb6 37. Qf5 Rbc6 38. Qf4 Re6 39. Qb4+ Kf7 40. Qa4 Rc7 41. Qa5 Rd6 42. Qxc7+ Be7 43. Qxa7 Re6 44. Qf2 h5 45. Qd2 h4 46. gxh4 Bd6 47. Qg5 Rf6 48. Qh5+ Ke7 49. Qg4 Bf4 50. a4 g6 51. a5 Bc7 52. Bxg6 Bxa5 53. Bd3 Bc7 54. h5 Bf4 55. Qg7+ Rf7 56. Qg6 Be5 57. h6 Rf6 58. Qg7+ Ke6 59. Qg4+ Ke7 60. h7 Rf8 61. Qg8 Bh8 62. Qg5+ Bf6 63. Qf5 Bh8 64. Qg4 Bf6 65. Qh4 Bxh4 66. Bg6 Kf6 0-1


[Site "https://www.chess.com"]

[Event "Titled Tuesday Blitz January 31 Early 2023"]
[White "Ibarra Jerez, Jose Carlos"]
[Black "Valle Maytin, Luis Enrique"]
[WhiteFideId "2226332"]
[BlackFideId "3503666"]
[WhiteElo "2563"]
[BlackElo "2241"]
[Result "1-0"]
[Round "06"]
[TimeControl "180+2"]
[Date "2023.01.31"]
[WhiteClock "0:01:13"]
[BlackClock "0:00:02"]

1. e4 c6 2. Nf3 d5 3. d3 dxe4 4. dxe4 Qxd1+ 5. Kxd1 Bg4 6. Be2 Nd7 7. Ne1 Bxe2+ 8. Kxe2 Ngf6 9. f3 e6 10. a4 Bc5 11. Nd3 Bb6 12. a5 Bc7 13. Be3 O-O 14. Nd2 Rfd8 15. Nc4 Kf8 16. Ra3 b5 17. axb6 axb6 18. Rha1 Rxa3 19. Rxa3 b5 20. Na5 Bxa5 21. Rxa5 Rc8 22. b4 Ke8 23. Ra7 Kd8 24. Bd4 Ne8 25. Ke3 Rc7 26. Ra8+ Rc8 27. Ra6 Nd6 28. Bxg7 Nc4+ 29. Ke2 c5 30. Ra7 cxb4 31. Nxb4 e5 32. Bh6 f6 33. h4 Nd6 34. g4 Rc4 35. Bd2 Nc8 36. Ra5 Nd6 37. Ra6 Nc8 38. h5 Kc7 39. Re6 Nd6 40. Nd5+ Kd8 41. Rxd6 Kc8 42. Rxd7 Rxc2 43. Rxh7 b4 44. Nxb4 Rb2 45. Nd5 Rb7 46. Rxb7 Kxb7 47. h6 1-0


[Site "https://www.chess.com"]

[Event "Titled Tuesday Blitz January 31 Early 2023"]
[White "matenitian"]
[Black "Tristan, Leonardo"]
[BlackFideId "113816"]
[WhiteElo "2434"]
[BlackElo "2545"]
[Result "0-1"]
[Round "06"]
[TimeControl "180+2"]
[Date "2023.01.31"]
[WhiteClock "0:00:01"]
[BlackClock "0:01:07"]

1. e4 d5 2. exd5 Qxd5 3. Nc3 Qa5 4. Nf3 Nf6 5. g3 e5 6. Bg2 Bd6 7. O-O O-O 8. d4 Nc6 9. Bg5 exd4 10. Bxf6 dxc3 11. Bxc3 Qh5 12. Re1 Bg4 13. Qd3 Rad8 14. Qe3 Bc5 15. Qf4 Bd6 16. Qe3 Bb4 17. a3 Bc5 18. Qf4 Bd6 19. Qe3 Qf5 20. Nd4 Nxd4 21. Qxd4 f6 22. Be4 Qh5 23. Bxb7 Kh8 24. Qc4 Bh3 25. Bc6 Qg6 26. Bd4 f5 27. Re6 Qh5 28. Qc3 Rg8 29. Rae1 h6 30. Be8 Qg5 31. Rg6 Rdxe8 32. Rxg5 hxg5 33. Bxg7+ Kh7 34. Bd4 c5 35. Be3 Re6 36. Rd1 f4 37. Bxc5 Be5 38. Qd3+ Kh6 39. Qd7 Rge8 40. Qf7 Bf6 0-1


[Site "https://www.chess.com"]

[Event "Titled Tuesday Blitz January 31 Early 2023"]
[White "Skliarov, Viktor"]
[Black "Gatterer, Florian"]
[WhiteFideId "14106736"]
[BlackFideId "811688"]
[WhiteElo "2383"]
[BlackElo "2170"]
[Result "1/2-1/2"]
[Round "06"]
[TimeControl "180+2"]
[Date "2023.01.31"]
[WhiteClock "0:02:34"]
[BlackClock "0:02:23"]

1. e4 c6 2. d4 d5 3. e5 c5 4. dxc5 e6 5. a3 Bxc5 6. b4 Be7 7. Qg4 g6 8. Nf3 h5 9. Qf4 Nh6 10. Bd3 Nf5 11. h3 a5 12. b5 Nd7 13. Rg1 Nc5 14. Bxf5 gxf5 15. a4 Bd7 16. Nbd2 Rc8 1/2-1/2


[Site "https://www.chess.com"]

[Event "Titled Tuesday Blitz January 31 Early 2023"]
[White "Delorme, Axel"]
[Black "Cunha, Lucas Aguiar"]
[WhiteFideId "632023"]
[BlackFideId "2125404"]
[WhiteElo "2483"]
[BlackElo "2309"]
[Result "0-1"]
[Round "06"]
[TimeControl "180+2"]
[Date "2023.01.31"]
[WhiteClock "0:00:03"]
[BlackClock "0:01:01"]

1. e4 c5 2. Nf3 e6 3. b3 g6 4. Bb2 Nf6 5. e5 Nh5 6. Nc3 d5 7. exd6 Bg7 8. Bb5+ Bd7 9. Qe2 O-O 10. O-O-O a6 11. Bxd7 Nxd7 12. d4 cxd4 13. Nxd4 Rc8 14. g4 Nf4 15. Qe3 e5 16. Nde2 Qa5 17. Kb1 Rfe8 18. Rhe1 Ng2 19. Qd2 Nxe1 20. Rxe1 e4 21. Rd1 Qc5 22. h4 b5 23. a3 Qxf2 24. Nd5 e3 25. Qe1 Qxe1 26. Rxe1 Bf8 27. h5 Bxd6 28. h6 Be5 29. g5 Bxb2 30. Kxb2 Re5 31. Nef4 Rce8 32. Kc3 Rxg5 33. Kd4 Rge5 34. c4 Re4+ 35. Kc3 bxc4 36. bxc4 f5 37. c5 Rc8 38. Kd3 Nxc5+ 0-1


[Site "https://www.chess.com"]

[Event "Titled Tuesday Blitz January 31 Early 2023"]
[White "Kononenko, Dmitry"]
[Black "Urbina Perez, Juan Antonio"]
[WhiteFideId "14113538"]
[BlackFideId "2217368"]
[WhiteElo "2256"]
[BlackElo "2266"]
[Result "1-0"]
[Round "06"]
[TimeControl "180+2"]
[Date "2023.01.31"]
[WhiteClock "0:02:05"]
[BlackClock "0:02:08"]

1. e4 c5 2. Nf3 d6 3. d4 cxd4 4. Nxd4 Nf6 5. Nc3 Nc6 6. Bc4 Qb6 7. Nxc6 bxc6 8. Bb3 g6 9. O-O Bg7 10. e5 dxe5 11. Be3 Qc7 12. h3 O-O 13. f4 exf4 14. Bxf4 Qb6+ 15. Kh1 Bb7 16. Be5 Nd5 17. Bxg7 Kxg7 18. Ne4 Rad8 19. Qf3 Qd4 20. c3 Qe5 21. Rae1 Qc7 22. Ng5 Nf6 23. Bxf7 Rxf7 24. Ne6+ 1-0


[Site "https://www.chess.com"]

[Event "Titled Tuesday Blitz January 31 Early 2023"]
[White "Reprintsev, Alexander"]
[Black "Jimenez, Joaquin"]
[WhiteFideId "14100541"]
[BlackFideId "109860"]
[WhiteElo "2253"]
[BlackElo "2195"]
[Result "0-1"]
[Round "06"]
[TimeControl "180+2"]
[Date "2023.01.31"]
[WhiteClock "0:01:03"]
[BlackClock "0:01:25"]

1. e4 e6 2. d4 d5 3. Nc3 Bb4 4. Ne2 dxe4 5. a3 Be7 6. Nxe4 Nf6 7. Qd3 Nbd7 8. Bf4 Nxe4 9. Qxe4 Nf6 10. Qf3 c5 11. O-O-O Qb6 12. dxc5 Bxc5 13. Nc3 Bd7 14. Be5 Be7 15. Bd4 Qa5 16. Qg3 Rc8 17. Qxg7 Rg8 18. Bxf6 Rxg7 19. Bxg7 Qg5+ 20. Kb1 Qxg7 21. Ne4 Bc6 22. Nd6+ Bxd6 23. Rxd6 Rd8 24. Rxd8+ Kxd8 25. f3 Kc7 26. h4 Qg3 27. h5 h6 28. b3 a5 29. a4 Kb6 30. Kb2 Kc5 31. Kc3 Bd5 0-1


[Site "https://www.chess.com"]

[Event "Titled Tuesday Blitz January 31 Early 2023"]
[White "Devaev, Alexander"]
[Black "Odegov, Artem"]
[WhiteFideId "4169395"]
[BlackFideId "34183644"]
[WhiteElo "2325"]
[BlackElo "2261"]
[Result "0-1"]
[Round "06"]
[TimeControl "180+2"]
[Date "2023.01.31"]
[WhiteClock "0:00:01"]
[BlackClock "0:00:04"]

1. d4 Nf6 2. c4 c5 3. d5 e5 4. Nc3 d6 5. e4 Be7 6. g3 O-O 7. h3 Nbd7 8. Be3 Ne8 9. Nf3 g6 10. g4 Ng7 11. Rg1 Kh8 12. Bh6 Nf6 13. Bd3 Ng8 14. Qd2 Bd7 15. O-O-O a6 16. a4 b5 17. cxb5 axb5 18. axb5 Qa5 19. Kc2 Qb4 20. Ra1 c4 21. Be2 Qb3+ 22. Kb1 Rxa1+ 23. Kxa1 Ra8+ 24. Kb1 Bd8 25. Bd1 Qb4 26. Be3 Bxb5 27. Nxb5 Qxb5 28. Qc2 Ba5 29. Be2 Bb4 30. Nd2 Qa5 31. Kc1 Bxd2+ 32. Bxd2 Qa1+ 33. Qb1 Nf6 34. f3 Qa4 35. Qc2 Qa1+ 36. Qb1 Qa6 37. Rf1 Nd7 38. Qc2 Nb6 39. Be3 Qa1+ 40. Kd2 Qa5+ 41. Qc3 Qb5 42. Rb1 Rc8 43. Ke1 Na4 44. Qc2 Qb3 45. Qxb3 cxb3 46. Bd1 Rb8 47. Kd2 Ne8 48. Be2 Nf6 49. Bd3 Nd7 50. Ke2 Ndc5 51. Bc4 Rb4 52. Bd3 Kg7 53. Bd2 Rb8 0-1


[Site "https://www.chess.com"]

[Event "Titled Tuesday Blitz January 31 Early 2023"]
[White "Oglaza, Oskar"]
[Black "Fiorito, Francisco"]
[WhiteFideId "1194402"]
[BlackFideId "180165"]
[WhiteElo "2304"]
[BlackElo "2305"]
[Result "0-1"]
[Round "06"]
[TimeControl "180+2"]
[Date "2023.01.31"]
[WhiteClock "0:00:12"]
[BlackClock "0:01:14"]

1. e4 c5 2. Nf3 Nc6 3. d4 cxd4 4. Nxd4 g6 5. Nc3 Bg7 6. Be3 Nf6 7. Be2 O-O 8. O-O d5 9. exd5 Nxd5 10. Nxd5 Qxd5 11. Bf3 Qd7 12. Nxc6 bxc6 13. Qxd7 Bxd7 14. Rad1 Be6 15. Bd4 Rfc8 16. Bxg7 Kxg7 17. b3 Rab8 18. c4 a5 19. Rd3 a4 20. Rfd1 axb3 21. axb3 Rb4 22. Ra1 h5 23. h3 c5 24. Ra7 Kf6 25. Ra8 Rxa8 26. Bxa8 Bf5 27. Rc3 Ke5 28. Re3+ Kf6 29. Bc6 e6 30. Kf1 Bc2 31. Ba4 Ke7 32. Ke1 h4 33. Kd2 Bf5 34. Kc3 Kd6 35. Bb5 g5 36. Rf3 Bg6 37. Re3 f5 38. f3 f4 39. Re2 Ke7 40. Ra2 Bf5 41. Ra7+ Kf6 42. Rb7 Bb1 43. Ra7 e5 44. Ra6+ Kf7 45. Ra7+ Kf8 46. Ra8+ Ke7 47. Ra7+ Kf6 48. Ra6+ Ke7 49. Rg6 Bxg6 50. Kb2 e4 51. fxe4 Bxe4 0-1


[Site "https://www.chess.com"]

[Event "Titled Tuesday Blitz January 31 Early 2023"]
[White "EREBUNI91"]
[Black "Borrmann, Laurenz"]
[BlackFideId "312187930"]
[WhiteElo "2542"]
[BlackElo "2304"]
[Result "1-0"]
[Round "06"]
[TimeControl "180+2"]
[Date "2023.01.31"]
[WhiteClock "0:00:22"]
[BlackClock "0:00:02"]

1. a3 d5 2. b4 e5 3. Bb2 Bd6 4. Nf3 Qe7 5. d3 a5 6. b5 c6 7. Nc3 d4 8. Ne4 cxb5 9. Nxd6+ Qxd6 10. e3 Nc6 11. Qe2 Be6 12. exd4 exd4 13. g3 Nf6 14. Bh3 O-O 15. Bxe6 Rae8 16. O-O fxe6 17. Ng5 e5 18. Ne4 Nxe4 19. Qxe4 Rd8 20. Rae1 Qd5 21. Qg4 b4 22. axb4 Nxb4 23. f4 Nxc2 24. Re4 Ne3 25. Rxe3 dxe3 26. Bxe5 Rf7 27. h4 Qxd3 28. h5 e2 29. Re1 Qe3+ 30. Kg2 Qe4+ 31. Kh2 h6 32. Rxe2 Qf5 33. Qh4 Re8 34. Rd2 a4 35. g4 Qe6 36. Qg3 b5 37. g5 b4 38. Rd6 Qa2+ 39. Kh3 Re6 40. Rd8+ Rf8 41. gxh6 g6 42. h7+ Kxh7 43. Rxf8 Rxe5 44. Qxg6# 1-0


[Site "https://www.chess.com"]

[Event "Titled Tuesday Blitz January 31 Early 2023"]
[White "Defend, Balint"]
[Black "Sowul, Bartosz"]
[WhiteFideId "17004853"]
[BlackFideId "1137590"]
[WhiteElo "1673"]
[BlackElo "2269"]
[Result "1-0"]
[Round "06"]
[TimeControl "180+2"]
[Date "2023.01.31"]
[WhiteClock "0:00:56"]
[BlackClock "0:00:07"]

1. e4 c5 2. Nf3 d6 3. Bb5+ Nd7 4. Ba4 a6 5. c3 b5 6. Bc2 c4 7. a4 Bb7 8. O-O Ngf6 9. Re1 e6 10. d4 cxd3 11. Bxd3 bxa4 12. Bc2 Nc5 13. Bxa4+ Nxa4 14. Qxa4+ Qd7 15. e5 Bxf3 16. exf6 Bc6 17. Qh4 gxf6 18. Qxf6 Rg8 19. f3 Rg6 20. Qf4 Bh6 21. Qd4 Bxc1 22. Rxc1 Bxf3 23. g3 e5 24. Re1 Qh3 25. Qf2 Bb7 26. Nd2 Rf6 27. Qe2 Ke7 28. Ne4 Rg6 29. Nxd6 Rxg3+ 30. hxg3 Qxg3+ 31. Kf1 Qh3+ 32. Kf2 Kxd6 33. Qxe5+ Kc6 34. Qf6+ Kb5 35. Re5+ Kc4 36. Qf4+ Kd3 37. Qd4+ Kc2 38. Re2+ Kb3 39. Qb4# 1-0


[Site "https://www.chess.com"]

[Event "Titled Tuesday Blitz January 31 Early 2023"]
[White "Battlecruiser_Operational"]
[Black "Veiga, Jose Francisco R P Neves"]
[BlackFideId "1930087"]
[WhiteElo "2422"]
[BlackElo "2406"]
[Result "1-0"]
[Round "06"]
[TimeControl "180+2"]
[Date "2023.01.31"]
[WhiteClock "0:00:09"]
[BlackClock "0:00:19"]

1. d4 Nf6 2. Nf3 g6 3. g3 Bg7 4. Bg2 O-O 5. O-O d5 6. c4 dxc4 7. Na3 Nc6 8. Nxc4 Be6 9. b3 Bd5 10. Bb2 a5 11. Rc1 b5 12. Nce5 Ra6 13. Rc5 b4 14. Nxc6 Bxc6 15. Qc1 Bxf3 16. Bxf3 Ra7 17. Rd1 Nd7 18. Rc6 Qb8 19. h4 e5 20. d5 f5 21. d6 cxd6 22. Rdxd6 e4 23. Bxg7 Kxg7 24. Bg2 Ne5 25. Qb2 Re7 26. Re6 Rfe8 27. Rxe7+ Rxe7 28. Rc5 Kh6 29. Qd2+ Kg7 30. Rxa5 Qb6 31. Qd5 Ng4 32. e3 Rc7 33. Bf1 Rc1 34. Qd7+ Kh6 35. Ra7 Kh5 36. Qxh7+ Nh6 37. Kg2 Rxf1 38. Kxf1 Qb5+ 39. Kg2 Qe2 40. Rg7 Qf3+ 41. Kg1 Qd1+ 42. Kh2 Qg4 43. Qh8 f4 44. exf4 e3 45. Rh7 Qg5 46. fxg5 Kg4 47. Rxh6 Kf3 48. Qf8+ Ke2 49. fxe3 Kd2 50. Rxg6 Kc2 51. Rd6 Kb2 52. Qf4 Kxa2 53. Qxb4 Kb2 54. Qb7 Kc1 55. Qc7+ Kb2 56. b4 Kb1 57. b5 Ka2 58. b6 Kb2 59. b7 Ka1 60. b8=Q Ka2 61. Qca7# 1-0


[Site "https://www.chess.com"]

[Event "Titled Tuesday Blitz January 31 Early 2023"]
[White "Senthil, Maran K"]
[Black "Belenkaya, Dina"]
[WhiteFideId "25035681"]
[BlackFideId "24142654"]
[WhiteElo "2209"]
[BlackElo "2267"]
[Result "1-0"]
[Round "06"]
[TimeControl "180+2"]
[Date "2023.01.31"]
[WhiteClock "0:00:09"]
[BlackClock "0:00:03"]

1. c4 Nf6 2. g3 c6 3. Nf3 d5 4. d4 g6 5. Bg2 Bg7 6. Ne5 O-O 7. O-O a6 8. Nc3 Be6 9. cxd5 cxd5 10. Qb3 b6 11. Na4 b5 12. Nc5 Nbd7 13. Nc6 Qe8 14. Nxe6 fxe6 15. Bh3 Nc5 16. Nxe7+ Qxe7 17. dxc5 Rac8 18. Be3 Ne4 19. Rac1 Rc6 20. f3 Nxc5 21. Qa3 d4 22. Bf2 Rfc8 23. Rc2 Kf7 24. Rfc1 a5 25. b3 b4 26. Qxa5 Nxb3 27. axb3 Rxc2 28. Rxc2 Rxc2 29. Qb5 Rc1+ 30. Kg2 Qd6 31. Qb7+ Rc7 32. Qe4 Ke7 33. Be1 e5 34. Bd2 Bf6 35. Bg4 Qc6 36. Qd3 Qc5 37. Qa6 Rc6 38. Qb7+ Rc7 39. Qa8 Qb5 40. Kf1 Rc2 41. Ke1 e4 42. Qg8 Kd6 43. Qe6+ Kc5 44. Qxf6 e3 45. Qe5+ Kb6 46. Qxd4+ Ka5 47. Qxe3 Ra2 48. Kf2 Ra1 49. Be6 Ra2 50. Bc4 Qc6 51. Qa7+ 1-0


[Site "https://www.chess.com"]

[Event "Titled Tuesday Blitz January 31 Early 2023"]
[White "Chakravarthi Reddy, M"]
[Black "Osmak, Yuliia"]
[WhiteFideId "25009532"]
[BlackFideId "14101602"]
[WhiteElo "2279"]
[BlackElo "2440"]
[Result "0-1"]
[Round "06"]
[TimeControl "180+2"]
[Date "2023.01.31"]
[WhiteClock "0:00:03"]
[BlackClock "0:00:07"]

1. e4 c5 2. Nf3 Nf6 3. e5 Nd5 4. c3 Nc6 5. Bc4 Nb6 6. Bb3 d5 7. d4 Bg4 8. dxc5 Nd7 9. Qxd5 e6 10. Qe4 Bf5 11. Qh4 Be7 12. Qg3 Nxc5 13. O-O O-O 14. Nbd2 Nd3 15. Nc4 b5 16. Ne3 Bg6 17. h4 Qc7 18. Ng4 h5 19. Nh6+ gxh6 20. Bxh6 Rfd8 21. Bxe6 Ncxe5 22. Nxe5 Nxe5 23. Bf4 Bxh4 24. Qe3 Ng4 25. Bxc7 Nxe3 26. Bxd8 Nxf1 27. Bxh4 Nd2 28. Bd5 Re8 29. Rd1 Ne4 30. Re1 Kf8 31. Bxe4 Bxe4 32. f3 Bd5 33. Rxe8+ Kxe8 34. Kf2 Bxa2 35. Ke3 Kd7 36. Kd4 Kc6 37. Bf2 Be6 38. g3 Bd5 39. b4 Bxf3 40. Ke5 a6 41. Kf6 Bd5 42. Kg5 Bf3 43. Kf6 Kd5 44. Kxf7 Kc4 45. Bd4 Bg4 46. Kf6 a5 47. bxa5 b4 48. a6 b3 49. a7 Bf3 50. Be5 b2 51. Kg5 b1=Q 52. Bf4 Qb7 53. a8=Q Qg7+ 54. Kh4 Qg4# 0-1


[Site "https://www.chess.com"]

[Event "Titled Tuesday Blitz January 31 Early 2023"]
[White "Manukyan, Artyom"]
[Black "Gonzalez, Francisco Silva"]
[WhiteFideId "13305786"]
[BlackFideId "1512285"]
[WhiteElo "2110"]
[BlackElo "2021"]
[Result "1-0"]
[Round "06"]
[TimeControl "180+2"]
[Date "2023.01.31"]
[WhiteClock "0:00:14"]
[BlackClock "0:00:01"]

1. e4 e5 2. Nf3 Nc6 3. Bc4 Bc5 4. c3 Nf6 5. d4 exd4 6. e5 d5 7. Bb5 Ne4 8. cxd4 Bb4+ 9. Nbd2 O-O 10. a3 Ba5 11. O-O Bg4 12. Be2 Bxd2 13. Bxd2 Bxf3 14. gxf3 Nxd2 15. Qxd2 Qh4 16. f4 Rae8 17. Bf3 Re6 18. Bg2 Rh6 19. h3 Rg6 20. Kh2 Ne7 21. Rg1 c6 22. Rae1 Nf5 23. Bf3 h5 24. Rxg6 fxg6 25. Rg1 Kh7 26. b4 Rf7 27. b5 Rc7 28. bxc6 bxc6 29. Rc1 Rb7 30. Rxc6 Rb3 31. Bg2 Rxa3 32. e6 a5 33. Rc7 a4 34. Kg1 Ra1+ 35. Kh2 Ra3 36. Kg1 Rb3 37. Ra7 a3 38. Kh2 Rb2 39. Qe1 Qxf4+ 40. Kg1 a2 41. e7 Rb1 42. e8=Q Rxe1+ 43. Qxe1 Nxd4 44. Rxa2 Qg5 45. Kh1 Nf5 46. Rd2 d4 47. Qe4 Qd8 48. Rd3 Qd6 49. Qf3 Qc5 50. Qe2 Qc1+ 51. Rd1 Qc7 52. Kg1 Qd6 53. Be4 Nh4 54. Qd3 Qf4 55. Qxd4 Qg5+ 56. Kf1 Qf4 57. Bxg6+ Nxg6 58. Qxf4 Nxf4 59. h4 g5 60. hxg5 Kg6 61. Rd4 Kxg5 62. Ra4 Kg4 63. Kg1 Kf3 64. Kf1 h4 65. Ra3+ Kg4 66. Rb3 Kg5 67. Kg1 Kf5 68. Kh2 Kg5 69. Rb8 Kg4 70. Rb3 Kg5 71. f3 Kf5 72. Rb5+ Kg6 73. Rc5 Kf6 74. Ra5 Kg6 75. Kg1 Kf6 76. Kf2 Kg6 77. Ke3 Ng2+ 78. Ke4 h3 79. Ra1 Kh5 80. f4 Kg4 81. f5 Nh4 82. f6 h2 83. Ke5 Kg3 84. f7 Ng6+ 85. Kf6 Nf8 86. Ra3+ Kg2 87. Ra2+ Kg1 88. Ra1+ Kg2 89. Ke7 Ng6+ 90. Ke6 Nf8+ 91. Kf5 h1=Q 92. Rxh1 Kxh1 93. Kf6 Kh2 94. Kg7 Ne6+ 95. Kg8 Kh3 96. Kh7 Kg4 97. Kg6 Kf4 98. Kf6 Nf8 99. Ke7 Ng6+ 100. Kf6 Ke4 101. Kg7 Ne7 102. f8=Q Nf5+ 103. Kg6 Ne3 104. Qe7+ Kd4 105. Kg5 Nd5 106. Qd8 Ke5 107. Qa8 Ke6 108. Qa6+ Ke5 109. Qa8 Ke6 110. Qc8+ Ke5 111. Qe8+ Kd6 112. Kf5 Ne7+ 113. Ke4 Nc6 114. Qg6+ Kd7 115. Qh7+ Kd6 116. Qh6+ Kd7 117. Kd5 Ne7+ 118. Kc5 Nf5 119. Qf6 Ne7 120. Qd6+ Ke8 121. Qc7 Nf5 122. Kd5 Ne7+ 123. Ke6 1-0


[Site "https://www.chess.com"]

[Event "Titled Tuesday Blitz January 31 Early 2023"]
[White "Martic, Ivan"]
[Black "Estrada Nieto, Julian"]
[WhiteFideId "929301"]
[BlackFideId "5101018"]
[WhiteElo "2301"]
[BlackElo "2215"]
[Result "0-1"]
[Round "06"]
[TimeControl "180+2"]
[Date "2023.01.31"]
[WhiteClock "0:00:30"]
[BlackClock "0:01:19"]

1. e4 e5 2. Nf3 Nc6 3. Nc3 Nf6 4. Bb5 Bb4 5. O-O O-O 6. d3 Bxc3 7. bxc3 d6 8. Bg5 Qe7 9. Re1 Nd8 10. h3 Ne6 11. Bh4 c6 12. Bc4 Nf4 13. d4 h6 14. Bf1 Rd8 15. Qd2 g5 16. Nxg5 hxg5 17. Bxg5 Ng6 18. Re3 Qe6 19. Rg3 Bd7 20. Bd3 Kg7 21. Bh6+ Kh7 22. Rf1 Nh5 23. Rg4 Rg8 24. Qg5 Ngf4 25. Qh4 Rxg4 26. hxg4 Qxg4 27. Qxg4 Bxg4 28. Bxf4 Nxf4 29. f3 Be6 30. Rb1 b6 0-1


[Site "https://www.chess.com"]

[Event "Titled Tuesday Blitz January 31 Early 2023"]
[White "Tomaszewski, Kacper"]
[Black "Sai Han Thiha"]
[WhiteFideId "1127373"]
[BlackFideId "13012290"]
[WhiteElo "2313"]
[BlackElo "2070"]
[Result "1-0"]
[Round "06"]
[TimeControl "180+2"]
[Date "2023.01.31"]
[WhiteClock "0:00:17"]
[BlackClock "0:00:04"]

1. b3 Nf6 2. Bb2 d5 3. e3 Bf5 4. Nf3 e6 5. d3 Be7 6. Nbd2 O-O 7. Be2 h6 8. O-O c5 9. c4 Nc6 10. Rc1 d4 11. e4 Bg4 12. Ne1 Bxe2 13. Qxe2 e5 14. g3 Qd7 15. Ng2 a6 16. Rce1 b5 17. Bc1 Rab8 18. f4 Qg4 19. Nf3 bxc4 20. bxc4 Bd6 21. f5 Rb1 22. Ngh4 Rfb8 23. Kg2 Qh5 24. h3 Be7 25. Qc2 Ra1 26. Bd2 Rxe1 27. Rxe1 g5 28. fxg6 fxg6 29. Rb1 Rxb1 30. Qxb1 Nd8 31. Qb6 Kf8 32. Qxa6 g5 33. Nf5 g4 34. hxg4 Nxg4 35. Bxh6+ Nxh6 36. Qxh6+ Qxh6 37. Nxh6 Nc6 38. a3 Bd8 39. g4 Bc7 40. g5 Kg7 41. Nf5+ Kg6 42. N5h4+ Kh5 43. Kh3 Ne7 44. Nf5 Nc6 45. Ng7+ Kg6 46. Ne6 Bd6 47. Nh4+ Kh5 48. g6 Kh6 49. g7 Kh7 50. Nf5 Be7 51. Nh6 Kxh6 52. g8=Q Bf6 53. Qc8 Ne7 54. Qxc5 Ng6 55. a4 Be7 56. Qc6 Bf6 57. a5 Be7 58. a6 Bf6 59. a7 Be7 60. a8=Q Bf6 61. Nf8 Ne7 62. Qxf6+ Kh5 63. Qe8+ Ng6 64. Qexg6# 1-0


[Site "https://www.chess.com"]